 Dungeon Crawl Stone Soup version 0.27-a0-1105-g946c659c87 (webtiles) character file.

Game seed: 13724755632344747294

34 kae the Skirmisher (level 3, -1/33 HPs)
             Began as a Hill Orc Fighter on Apr 29, 2021.
             Slain by an orc
             ... wielding a +2 mace of venom
              (5 damage)
             ... on level 2 of the Dungeon.
             The game lasted 00:00:44 (1013 turns).

kae the Skirmisher (Hill Orc Fighter)               Turns: 1013, Time: 00:00:44

Health: -1/33      AC:  6    Str: 16 (19) XL:     3   Next: 31%
Magic:  3/3        EV:  7    Int:  6 (8)  God:
Gold:   57         SH:  8    Dex:  9 (10) Spells: 2/2 levels left

rFire    . . .     SeeInvis .   a - +0 war axe
rCold    . . .     Faith    .   c - +0 kite shield
rNeg     . . .     Spirit   .   b - +0 scale mail
rPois    .         Reflect  .   (no helmet)
rElec    .         Harm     .   (no cloak)
rCorr    .         Rampage  .   (no gloves)
Will     .....                  (no boots)
Stlth    ..........             (no amulet)
HPRegen  0.11/turn              (no ring)
MPRegen  0.08/turn              (no ring)

@: lethally poisoned (-1 -> -2), weak-willed
A: no striking features
a: no special abilities


You were on level 2 of the Dungeon.
You visited 1 branch of the dungeon, and saw 2 of its levels.

You collected 57 gold pieces.

Inventory:

Hand Weapons
 a - a +0 war axe (weapon)
Armour
 b - a +0 scale mail (worn)
 c - a +0 kite shield (worn)
Potions
 d - a potion of might
 f - a potion of haste


   Skills:
 + Level 4.0 Fighting
 * Level 4.0 Axes
 + Level 3.6 Armour
 - Level 3.2 Shields


You had 2 spell levels left.
You didn't know any spells.
Your spell library was empty.

Dungeon Overview and Level Annotations

Branches:
Dungeon (2/15)

Altars:


Message History

The orc hits you with a +2 mace of venom.
You are lethally poisoned!
You are too injured to fight recklessly!
You are too injured to fight recklessly!
You are too injured to fight recklessly!
You are too injured to fight recklessly!
You are too injured to fight recklessly!
You are too injured to fight recklessly!
You feel very sick.
Things that are here:
a +0 dagger; 4 stones
* * * LOW HITPOINT WARNING * * *
You feel very sick.
* * * LOW HITPOINT WARNING * * *
You feel very sick.
* * * LOW HITPOINT WARNING * * *
You feel sick.
It was a potion of degeneration.
There was something very wrong with that liquid.
You feel weakened.
You feel dopey.
You feel clumsy.
* * * LOW HITPOINT WARNING * * *
You feel sick.
It was a potion of ambrosia.
You are confused.
You feel invigorated.
* * * LOW HITPOINT WARNING * * *
You feel sick. The orc closely misses you.
* * * LOW HITPOINT WARNING * * *
You feel sick.
You feel sick.
The orc hits you with a +2 mace of venom.
* * * LOW HITPOINT WARNING * * *
You feel less invigorated.
You feel less confused.
You feel sick.
The orc throws a boomerang.
You block the boomerang.
You feel sick.
The orc throws a boomerang.
The boomerang hits you.
* * * LOW HITPOINT WARNING * * *
You feel sick.
The orc hits you with a +2 mace of venom.
You die...

#. #......#. ##.###.....
#. #.............
#...#.#..##.#.
#..{#.#..##.#.#
#..o#.#..##.#.##
#.#)#....##....####.##.♣
#.#.#.##...#...#..<......≈
#.........o@.....#######..
..........o.###.#.##
#####.####.####.#.#
#.....†.......#######
#...............>....
######†#####.######## #.#
#...# ##<## #...#
##...###...###.


You could see 2 orcs.

Vanquished Creatures
  A worm (D:2)
  An orc (D:2)
  4 endoplasms (D:1)
  A giant cockroach (D:1)
  2 hobgoblins (D:1)
  4 jackals (D:1)
  2 quokkas (D:1)
  2 ball pythons (D:1)
  3 bats
  2 frilled lizards (D:1)
  2 kobolds
  5 rats
29 creatures vanquished.

Notes
Turn   | Place    | Note
-------+----------+-------------------------------------------
     0 | D:1      | kae the Hill Orc Fighter began the quest for the Orb.
     0 | D:1      | Reached XP level 1. HP: 19/19 MP: 1/1
   183 | D:1      | Reached XP level 2. HP: 27/27 MP: 2/2
   614 | D:1      | Reached XP level 3. HP: 33/33 MP: 3/3
  1007 | D:2      | HP: 1/33 [poisoned by an orc]
  1013 | D:2      | Slain by an orc

Illustrated notes

Levels and vault maps discovered:
D:1:      lightli_arrival_chessboard, layout_loops_ring, minmay_domino_4
D:2:      layout_loops_ring, shapermc_ecumenical_altar_starsandcircs,
          chequers_serial_rivers_marsh, uniq_crazy_yiuf_cottage

Skill      XL: |  1  2  3 |
---------------+----------+-----
Axes           | 3 4 |  4.0
Fighting       | 4 |  4.0
Armour         | |  3.6
Shields        | |  3.2

Action                   || total
-------------------------++-------
Melee: War axe           ||    96
  Use: Scroll            ||     5
       Potion            ||     2
Armor: Scale mail        ||    49
Dodge: Dodged            ||    39
Block: Kite shield       ||    58

Table legend: (Time is in decaauts)
 A = Elapsed time spent in this place.
 B = Non-inter-level travel time spent in this place.
 C = Inter-level travel time spent in this place.
 D = Time resting spent in this place.
 E = Time spent auto-exploring this place.
 F = Levels seen in this place.
 G = Mean time per level.
                   A        B        C        D        E       F      G
               +--------+--------+--------+--------+--------+-----+--------+
         Total |   1065 |   1055 |     10 |      0 |    819 |   2 |  532.5 |
       Dungeon |   1065 |   1055 |     10 |      0 |    819 |   2 |  532.5 |
               +--------+--------+--------+--------+--------+-----+--------+

Top non-repeatable levels by time:
     D:1: 968 daAuts
     D:2: 97 daAuts
